 Dungeon Crawl Stone Soup version 0.26-a0-1161-g0398aca569 (webtiles) character file.

Game seed: 8027734001023103520

62136 Mervan the Geomancer (level 15, -5/90 HPs)
             Began as a Gargoyle Earth Elementalist on Dec 26, 2020.
             Was a High Priest of Vehumet.
             Slain by a cane toad (15 damage)
             ... on level 4 of the Lair of Beasts.
             The game lasted 00:55:13 (24040 turns).

Mervan the Geomancer (Gargoyle Earth Elementalist) Turns: 24040, Time: 00:55:14

Health: -5/90      AC: 18    Str: 18    XL:     15   Next: 5%
Magic:  9/29       EV: 13    Int: 23    God:    Vehumet [*****.]
Gold:   1776       SH:  0    Dex:  6    Spells: 19/34 levels left

rFire    + + .     SeeInvis +   T - +4 scimitar of the Pit {freeze, rF+ SInv Stlth-}
rCold    . . .     Faith    .   (no shield)
rNeg     + . .     Spirit   .   J - +1 robe of Weirdness {rPois Str+7 Dex-4}
rPois    ∞         Reflect  .   l - +0 helmet
rElec    +         Harm     .   V - scarf {+Inv}
rCorr    .         Rampage  .   D - +0 pair of gloves (curse)
Will     +....                  f - +0 pair of boots
Stlth    ..........             G - amulet of the acrobat
HPRegen  0.25/turn              g - ring of protection from fire
MPRegen  0.21/turn              o - ring of see invisible

@: berserk cooldown, flying, slowed, very slow
A: big wings, negative energy resistance 1, electricity resistance, unbreathing,
petrification resistance, miasma immunity, AC +11
a: Stop Flying, Renounce Religion, Evoke Invisibility


You were on level 4 of the Lair of Beasts.
You worshipped Vehumet.
Vehumet was extremely pleased with you.
You visited 3 branches of the dungeon, and saw 19 of its levels.

You collected 2033 gold pieces.
You spent 257 gold pieces at shops.

Inventory:

Hand Weapons
 n - the +12 dagger "Sovoyr" {freeze, Will+}
   (You found it on level 4 of the Dungeon)

   It has been specially enchanted to freeze those struck by it, causing extra
   injury to most foes and up to half again as much damage against particularly
   susceptible opponents.
   It can also slow down cold-blooded creatures.
   It affects your willpower, your defense against some magical effects.
 q - a +0 flail
 x - a +0 dire flail of venom
 B - a +1 flail of holy wrath
 I - a +0 morningstar
 T - the +4 scimitar of the Pit (weapon) {freeze, rF+ SInv Stlth-}
   (You found it on level 3 of the Lair of Beasts)

   It has been specially enchanted to freeze those struck by it, causing extra
   injury to most foes and up to half again as much damage against particularly
   susceptible opponents.
   It can also slow down cold-blooded creatures.
   It protects you from fire.
   It lets you see invisible.
   It makes you less stealthy.
Missiles
 b - 174 stones (quivered)
 y - 6 throwing nets
Armour
 f - a +0 pair of boots (worn)
 k - a +2 animal skin
 l - a +0 helmet (worn)
 s - a +1 cloak
 D - a cursed +0 pair of gloves (worn)
 J - the +1 robe of Weirdness (worn) {rPois Str+7 Dex-4}
   (You found it on level 14 of the Dungeon)

   It affects your strength (+7).
   It affects your dexterity (-4).
   It protects you from poison.
 V - a scarf of invisibility (worn)
Jewellery
 g - a ring of protection from fire (left hand)
 o - a ring of see invisible (right hand)
 G - an amulet of the acrobat (around neck)
 H - an uncursed ring of wizardry
 M - an uncursed ring of resist corrosion
 Q - an uncursed ring of ice
 U - an uncursed ring of ice
Wands
 d - a wand of polymorph (15)
 i - a wand of iceblast (18)
 m - a wand of enslavement (11)
 u - a wand of digging (2)
 z - a wand of disintegration (41)
 C - a wand of paralysis (19)
Scrolls
 c - 6 scrolls of teleportation
 h - 7 scrolls of remove curse
 j - 4 scrolls of enchant weapon
 p - 2 scrolls of immolation
 r - 4 scrolls of fog
 A - 2 scrolls of fear
 L - a scroll of blinking
 P - a scroll of holy word
 S - a scroll of identify
Potions
 a - 4 potions of magic
 e - 4 potions of lignification
 t - 4 potions of curing
 v - 4 potions of brilliance
 w - 3 potions of might
 E - 3 potions of invisibility
 F - 2 potions of cancellation
Miscellaneous
 R - a condenser vane (inert)


   Skills:
 + Level 9.0 Fighting
 + Level 8.2 Maces & Flails
 - Level 6.0 Armour
 + Level 7.0 Dodging
 - Level 2.1 Stealth
 + Level 10.1 Spellcasting
 + Level 11.4 Conjurations
 - Level 0.7 Transmutations
 * Level 8.2 Fire Magic
 + Level 13.0 Earth Magic
 + Level 7.3 Evocations


You had 19 spell levels left.
You knew the following spells:

 Your Spells              Type           Power        Failure   Level
a - Sandblast             Erth           100%         1%          1
b - Stone Arrow           Conj/Erth      100%         1%          3
c - Lee's Rapid Deconstr  Erth           31%          1%          5
d - Apportation           Tloc           22%          5%          1
e - Bolt of Magma         Conj/Fire/Erth 28%          1%          5

Your spell library contained the following spells:

 Spells                   Type           Power        Failure   Level
 Fireball                 Conj/Fire      27%          1%          5
 Passwall                 Tmut/Erth      35%          1%          2
 Conjure Flame            Conj/Fire      54%          1%          3
 Hailstorm                Conj/Ice       37%          1%          4
 Petrify                  Tmut/Erth      43%          3%          4
 Beastly Appendage        Tmut           28%          4%          1
 Starburst                Conj/Fire      27%          4%          6
 Animate Skeleton         Necr           22%          5%          1
 Corona                   Hex            12%          5%          1
 Summon Small Mammal      Summ           44%          5%          1
 Wereblood                Tmut           14%          6%          2
 Call Imp                 Summ           11%          9%          2
 Corpse Rot               Necr/Air       N/A          9%          2
 Spider Form              Tmut/Pois      6%           14%         3
 Airstrike                Air            5%           16%         4
 Call Canine Familiar     Summ           11%          17%         3
 Summon Guardian Golem    Hex/Summ       11%          17%         3
 Conjure Ball Lightning   Conj/Air       18%          21%         6
 Ice Form                 Ice/Tmut       13%          43%         4
 Summon Lightning Spire   Summ/Air       11%          50%         4
 Blade Hands              Tmut           7%           75%         5
 Silence                  Hex/Air        5%           83%         5
 Summon Demon             Summ           5%           83%         5
 Ignition                 Fire           24%          95%         8
 Shadow Creatures         Summ           N/A          100%        6
 Tornado                  Air            5%           100%        9


Dungeon Overview and Level Annotations

Branches:
Dungeon (14/15)            Temple (1/1) D:5            Lair (4/6) D:8
 Shoals (0/4) Lair:4          Orc (0/2) D:10         Vaults (0/5) D:13
  Snake: Lair:2-4    Spider: Lair:2-4

Altars:
Cheibriados
Dithmenos
Fedhas
Makhleb
Okawaru
Ru
Sif Muna
Trog
Uskayaw
Vehumet
Wu Jian
Xom
Zin
The Shining One

Shops:
D:7 *


Innate Abilities, Weirdness & Mutations

You are resistant to torment.
Your stone body is resilient. (AC +11)
You are immune to poison.
Your large and strong wings let you fly indefinitely.
You resist negative energy. (rN+)
You are resistant to electric shocks. (rElec)
You can survive without breathing.
You are immune to petrification.
You are immune to miasma.


Message History

* * * LOW HITPOINT WARNING * * *
Casting: Bolt of Magma (mildly dangerous; 1% risk of failure)
Confirm with . or Enter, or press ? or * to list all spells.
Aiming: Bolt of Magma (mildly dangerous; 1% risk of failure)
Press: ? - help, Shift-Dir - straight line, f - cane toad
Aim: a cane toad (severely wounded, 25% to evade)
The bolt of magma hits the cane toad!
The cane toad is almost dead.
The bolt of magma hits the worker ant!!!
You kill the worker ant!
Vehumet accepts your kill.
You feel your power returning.
The bolt of magma hits the worker ant!!
You kill the worker ant!
Vehumet accepts your kill.
You feel your power returning.
The bolt of magma hits the worker ant!!
You kill the worker ant!
Vehumet accepts your kill.
You feel your power returning. The cane toad barely misses you.
The cane toad stings you!
You die...

### ##..###
#.B†B.#####
#'''#..##.#########
#.B ##....l†F@†...#
#.B ###..#########
.B.
##†####.#########
..
#†.##..##.....P## .
##..............#
##............##
##...........P#
#............#
#...>.......P#


You could see a komodo dragon and a cane toad.

Vanquished Creatures
  Agnes (D:14)
  An ironheart preserver (D:13)
  Nessos (D:14)
  2 entropy weavers (Lair:4)
  Josephine (D:14)
  2 hydras
  4 boulder beetles
  Harold (D:8)
  5 two-headed ogres
  2 centaur warriors
  A queen ant (Lair:4)
  5 unseen horrors
  8 skeletal warriors
  Pikel (D:8)
  2 cyclopes (D:13)
  A deep elf mage (D:13)
  14 ugly things
  Psyche (D:8)
  4 elephants (Lair:4)
  4 black mambas
  5 cane toads
  A yaktaur (D:10)
  5 komodo dragons (Lair:3)
  2 kobold demonologists (D:12)
  A rime drake (Lair:1)
  3 polar bears
  4 trolls
  Prince Ribbit (D:8)
  5 slime creatures
  10 blink frogs
  A hornet (shapeshifter) (D:14)
  A meliai zombie (D:14)
  5 wraiths
  A spriggan (D:12)
  A wyvern (D:11)
  A vampire (D:11)
  2 basilisks (Lair:3)
  5 shadows
  24 yaks
  7 vampire mosquitoes
  19 soldier ants
  An acid dragon (D:14)
  21 water moccasins
  3 phantoms
  6 sky beasts
  4 orc warriors
  2 ice beasts (D:13)
  2 black bears
  8 ogres
  19 centaurs
  A lemure (D:8)
  4 big kobolds
  16 bullfrogs
  5 scorpions
  15 killer bees
  4 wights (D:13)
  3 howler monkeys
  3 centaur zombies
  2 bullfrog zombies
  7 hounds
  3 jellies
  5 orc priests
  A gnoll shaman (D:9)
  5 bullfrog skeletons
  A centaur skeleton (D:4)
  Terence (D:2)
  5 iguanas
  14 orc wizards
  24 worker ants
  A killer bee zombie (D:4)
  A centaur simulacrum (D:10)
  A hound zombie (D:8)
  3 hound skeletons
  A howler monkey zombie (D:8)
  Robin (D:4)
  14 gnolls
  24 adders
  2 shadow imps
  2 white imps
  2 ufetubi
  3 oozes
  An adder zombie (D:8)
  An adder skeleton (D:8)
  A worm (D:3)
  7 dart slugs
  10 leopard geckos
  48 orcs
  3 giant cockroaches
  17 goblins
  14 hobgoblins
  18 jackals
  14 kobolds
  4 quokkas
  A ball python skeleton (D:4)
  10 bats
  3 frilled lizards
  12 rats
569 creatures vanquished.

Vanquished Creatures (collateral kills)
  A centaur zombie (D:13)
  An ice beast (D:9)
  An ogre (D:9)
  A killer bee (D:9)
  An orc (D:9)
5 creatures vanquished.

Vanquished Creatures (others)
  An orc warrior (D:9)
  A shadow (D:11)
  2 gnolls (D:9)
  A rat (D:2)
  4 bushes (Lair:3)
  14 fungi
  32 plants
  4 toadstools (D:7)
59 creatures vanquished.

Grand Total: 633 creatures vanquished

Notes
Turn   | Place    | Note
-------+----------+-------------------------------------------
     0 | D:1      | Mervan the Gargoyle Earth Elementalist began the quest for
                  | the Orb.
     0 | D:1      | Reached XP level 1. HP: 10/10 MP: 3/3
   207 | D:1      | Reached XP level 2. HP: 15/15 MP: 5/5
   268 | D:1      | Reached skill level 4 in Earth Magic
   737 | D:1      | Reached XP level 3. HP: 17/19 MP: 4/6
   750 | D:1      | Learned a level 3 spell: Stone Arrow
  1202 | D:2      | Reached skill level 1 in Conjurations
  1221 | D:2      | Reached XP level 4. HP: 21/24 MP: 8/8
  1387 | D:2      | Noticed Terence
  1449 | D:2      | Killed Terence
  1600 | D:2      | Found a snail-covered altar of Cheibriados.
  1986 | D:2      | Found a radiant altar of Vehumet.
  1997 | D:2      | Became a worshipper of Vehumet
  2042 | D:2      | Found a glowing silver altar of Zin.
  2257 | D:2      | Reached skill level 5 in Earth Magic
  2392 | D:3      | Reached XP level 5. HP: 28/28 MP: 9/9
  2398 | D:3      | Learned a level 5 spell: Lee's Rapid Deconstruction
  2890 | D:3      | Reached * piety under Vehumet
  2890 | D:3      | Offered knowledge of Freeze by Vehumet.
  3165 | D:3      | Reached XP level 6. HP: 20/32 MP: 11/11
  3526 | D:4      | Identified Nituag's Almanac of Creation
  3930 | D:4      | Reached skill level 6 in Earth Magic
  4328 | D:4      | Noticed Robin
  4362 | D:4      | Offered knowledge of Foxfire by Vehumet.
  4363 | D:4      | Killed Robin
  4364 | D:4      | Reached ** piety under Vehumet
  4493 | D:4      | Reached XP level 7. HP: 25/36 MP: 10/13
  4802 | D:4      | Learned a level 1 spell: Apportation
  4842 | D:4      | Found a sacrificial altar of Ru.
  4845 | D:4      | Found a broken altar of Ashenzari.
  4845 | D:4      | Found a shimmering altar of Xom.
  4847 | D:4      | Found an ornate altar of the Wu Jian Council.
  4847 | D:4      | Found an iron altar of Okawaru.
  4847 | D:4      | Found a blossoming altar of Fedhas.
  5197 | D:4      | Got an ancient dagger
  5198 | D:4      | Identified the +12 dagger "Sovoyr" {freeze, Will+} (You
                  | found it on level 4 of the Dungeon)
  5221 | D:5      | Entered Level 5 of the Dungeon
  5331 | D:5      | Found a shadowy altar of Dithmenos.
  5454 | D:5      | Reached skill level 5 in Spellcasting
  5454 | D:5      | Reached skill level 7 in Earth Magic
  5566 | D:5      | Found a staircase to the Ecumenical Temple.
  5581 | Temple   | Entered the Ecumenical Temple
  5956 | D:6      | Reached XP level 8. HP: 33/41 MP: 15/15
  6088 | D:6      | Reached skill level 5 in Conjurations
  6235 | D:6      | Offered knowledge of Ignite Poison by Vehumet.
  6243 | D:6      | Reached skill level 8 in Earth Magic
  6446 | D:6      | Reached *** piety under Vehumet
  6844 | D:7      | Found a sacrificial altar of Ru.
  6855 | D:7      | Reached XP level 9. HP: 45/45 MP: 18/18
  6953 | D:7      | Offered knowledge of Airstrike by Vehumet.
  6993 | D:7      | Found a bloodstained altar of Trog.
  7003 | D:7      | Found Gysseg's Assorted Antiques.
  7290 | D:7      | Reached skill level 9 in Earth Magic
  7374 | D:7      | Found an iron altar of Okawaru.
  7378 | D:7      | Found a glowing golden altar of the Shining One.
  7557 | D:7      | Bought a fizzy silvery potion for 30 gold pieces
  7557 | D:7      | Bought 2 scrolls labelled IZOF SEQALUZE for 68 gold pieces
  7557 | D:7      | Bought 2 fizzy silvery potions for 61 gold pieces
  7557 | D:7      | Bought a scroll of identify for 68 gold pieces
  7558 | D:7      | Acquired 750 gold pieces
  7563 | D:7      | Bought a ruby potion for 30 gold pieces
  7565 | D:7      | Acquired the Grimoire of Scorching Air
  7957 | D:8      | Noticed Harold
  7982 | D:8      | Killed Harold
  7983 | D:8      | Reached skill level 1 in Fighting
  7983 | D:8      | Reached skill level 1 in Maces & Flails
  7983 | D:8      | Reached skill level 1 in Armour
  7983 | D:8      | Reached skill level 1 in Evocations
  8149 | D:8      | Noticed Prince Ribbit
  8157 | D:8      | Killed Prince Ribbit
  8202 | D:8      | Noticed Pikel
  8229 | D:8      | Killed Pikel
  8230 | D:8      | Reached XP level 10. HP: 38/54 MP: 20/20
  8425 | D:8      | Noticed Psyche
  8428 | D:8      | Killed Psyche
  8661 | D:8      | Found a staircase to the Lair.
  8826 | D:8      | Reached **** piety under Vehumet
  8894 | D:8      | Offered knowledge of Iskenderun's Mystic Blast by Vehumet.
  9137 | D:8      | Learned a level 5 spell: Bolt of Magma
  9553 | D:9      | Reached skill level 10 in Earth Magic
  9634 | D:9      | Found a hide-covered altar of Uskayaw.
  9958 | D:10     | Entered Level 10 of the Dungeon
  9958 | D:10     | Found a staircase to the Orcish Mines.
 10195 | D:10     | Reached XP level 11. HP: 38/61 MP: 14/22
 10410 | D:10     | Noticed a two-headed ogre
 10422 | D:10     | Reached ***** piety under Vehumet
 10422 | D:10     | Offered knowledge of Freezing Cloud by Vehumet.
 10429 | D:10     | Killed a two-headed ogre
 10616 | D:10     | Noticed an unseen horror
 10633 | D:10     | Killed an unseen horror
 10977 | D:11     | Noticed a green ugly thing
 11301 | D:11     | Reached skill level 5 in Fighting
 11338 | D:11     | Killed a green ugly thing
 11339 | D:11     | Reached skill level 5 in Armour
 11373 | D:11     | HP: 2/64 [polar bear (12)]
 11402 | D:11     | Noticed a two-headed ogre
 11435 | D:11     | Noticed an unseen horror
 11502 | D:11     | Found a bloodstained altar of Trog.
 11734 | D:11     | Reached skill level 5 in Maces & Flails
 11734 | D:11     | Killed a two-headed ogre
 11735 | D:11     | Reached skill level 11 in Earth Magic
 11934 | D:11     | Killed an unseen horror
 11935 | D:11     | Reached XP level 12. HP: 60/68 MP: 24/24
 13046 | D:12     | Offered knowledge of Sticky Flame by Vehumet.
 13296 | D:12     | Reached skill level 5 in Dodging
 13580 | D:13     | Reached skill level 5 in Evocations
 13615 | D:13     | Reached skill level 1 in Fire Magic
 14336 | D:13     | Noticed a two-headed ogre
 14339 | D:13     | Killed a two-headed ogre
 14738 | D:13     | Noticed a centaur warrior
 14760 | D:13     | Killed a centaur warrior
 14844 | D:13     | Noticed an ironheart preserver
 14861 | D:13     | Killed an ironheart preserver
 14862 | D:13     | Reached skill level 10 in Conjurations
 15048 | D:13     | Noticed a two-headed ogre
 15055 | D:13     | Killed a two-headed ogre
 15056 | D:13     | Reached XP level 13. HP: 73/76 MP: 25/25
 15297 | D:13     | Found a gate to the Vaults.
 16185 | D:14     | Noticed Josephine
 16193 | D:14     | Killed Josephine
 16633 | D:13     | Reached skill level 5 in Fire Magic
 16633 | D:13     | Reached skill level 12 in Earth Magic
 17254 | D:14     | Got a distressingly furry robe
 17264 | D:14     | Identified the +1 robe of Weirdness {rPois Str+7 Dex-4}
                  | (You found it on level 14 of the Dungeon)
 17845 | D:14     | Noticed Agnes
 17862 | D:14     | Killed Agnes
 18288 | D:14     | Noticed Nessos
 18298 | D:14     | Killed Nessos
 18299 | D:14     | Gained mutation: Your large and strong wings let you fly
                  | indefinitely. [Gargoyle growth]
 18299 | D:14     | Reached XP level 14. HP: 77/83 MP: 15/27
 19180 | Lair:1   | Entered Level 1 of the Lair of Beasts
 19751 | Lair:1   | Offered knowledge of Ozocubu's Refrigeration by Vehumet.
 21295 | Lair:2   | Identified the Grimoire of Combat Magic
 22632 | Lair:3   | Got a slimy scimitar
 22632 | Lair:3   | Identified the +4 scimitar of the Pit {freeze, rF+ SInv
                  | Stlth-} (You found it on level 3 of the Lair of Beasts)
 23456 | Lair:4   | Reached skill level 10 in Spellcasting
 23733 | Lair:4   | Found a staircase to the Shoals.
 23783 | Lair:4   | Noticed an entropy weaver
 23792 | Lair:4   | Killed an entropy weaver
 23984 | Lair:4   | Noticed an entropy weaver
 23993 | Lair:4   | Killed an entropy weaver
 24012 | Lair:4   | Reached XP level 15. HP: 29/90 MP: 6/29
 24013 | Lair:4   | Offered knowledge of Fireball by Vehumet.
 24036 | Lair:4   | Reached skill level 13 in Earth Magic
 24040 | Lair:4   | Slain by a cane toad

Illustrated notes

Levels and vault maps discovered:
D:1:      eino_arrival_druids_welcome, layout_basic, minmay_misc_feat_iff
D:2:      layout_loops_ring, kennysheep_slug_shrine, marbit_many_paths,
          fiery_altar_vehumet, uniq_terence
D:3:      layout_loops_corners
D:4:      layout_basic, doesnt_xom_only_xom, uniq_robin
D:5:      layout_basic, nicolae_dithmenos_shadow_blocks, temple_green,
          chequers_serial_rivers_micro_c
D:6:      cheibrodos_quashed, layout_rooms
D:7:      layout_loops_ring, hangedman_ru_absence, lemuel_round_altar,
          nicolae_overflow_hidden_temple, serial_shops,
          nicolae_shop_temple_entry_statues_fountains, minmay_misc_feat_tower,
          minmay_gold_behind_fungi, minmay_strange_pillars,
          minmay_strange_pillars
D:8:      layout_basic, lair_entry_dummy, uniq_prince_ribbit1, uniq_pikel,
          uniq_psyche, uniq_harold
D:9:      layout_rooms, eat_drink_and_be_merry_uskayaw
D:10:     minmay_bloctagon, layout_irregular_city
D:11:     layout_cave_pools, gauntlet_entry_generic, trog_ov_bears_minmay
D:12:     layout_basic, the_bakery
D:13:     layout_irregular_city, skrybe_vaults_entry_preservation
D:14:     layout_roguey, hangedman_abyss_or_decor_stabs, uniq_josephine,
          uniq_nessos, uniq_agnes
Temple:   hc_temple_tempest_star
Lair:1:   layout_gridlike, lemuel_fruit_fields, grunt_megastairs_1
Lair:2:   layout_gridlike
Lair:3:   beast_lair_carwin_large_2, layout_regular_city
Lair:4:   layout_roguey, minmay_shoals_entry_centaurs,
          minmay_snake_entry_six_corridors, st_stairs_5, zaba_antful_of_joy

Skill      XL: |  1  2  3  4  5  6  7  8  9 10 11 12 13 14 15 |
---------------+----------------------------------------------+-----
Earth Magic    | 4 5 6 7 8 9 10 11 12 13 | 13.0
Conjurations   | 1 2 3 4 6 7 8 9 10 11 | 11.4
Spellcasting   | 3 4 5 6 7 8 9 10 | 10.1
Fighting       | 2 4 5 6 7 9 |  9.0
Maces & Flails | 2 3 5 6 7 8 |  8.2
Armour         | 2 4 5 6 |  6.0
Dodging        | 2 3 4 5 6 7 |  7.0
Evocations     | 2 3 4 5 6 7 |  7.3
Fire Magic     | 3 6 8 |  8.2
Stealth        | |  2.1
Transmutations | |  0.7

Action                   |  1- 3 |  4- 6 |  7- 9 | 10-12 | 13-15 || total
-------------------------+-------+-------+-------+-------+-------++-------
Melee: Unarmed           |     6 |       |       |       |       ||     6
       Club              |   143 |    42 |       |       |       ||   185
       Short sword       |       |   210 |    16 |       |       ||   226
       Dagger            |       |       |   243 |   515 |   330 ||  1088
       Scimitar          |       |       |       |       |   106 ||   106
 Cast: Sandblast         |    15 |    32 |    18 |    63 |    62 ||   190
       Lee's Rapid Decon |       |       |       |    38 |    49 ||    87
       Stone Arrow       |       |       |       |    13 |       ||    13
       Bolt of Magma     |       |       |       |     6 |    86 ||    92
       Apportation       |       |       |       |       |     1 ||     1
 Abil: Fly               |       |       |       |       |     1 ||     1
Evoke: Wand              |       |       |       |    12 |     5 ||    17
       Condenser vane    |       |       |       |       |     1 ||     1
  Use: Scroll            |     3 |     4 |     8 |    10 |     5 ||    30
       Potion            |       |       |     1 |     3 |    11 ||    15
 Stab: Sleeping          |     2 |     4 |     4 |     1 |     1 ||    12
Armor: Robe              |    73 |    98 |       |       |   212 ||   383
       Animal skin       |       |       |   108 |   333 |    58 ||   499
Dodge: Dodged            |   134 |   184 |   130 |   552 |   424 ||  1424
       Rpst.: Scimitar   |       |       |       |       |    47 ||    47

Table legend: (Time is in decaauts)
 A = Elapsed time spent in this place.
 B = Non-inter-level travel time spent in this place.
 C = Inter-level travel time spent in this place.
 D = Time resting spent in this place.
 E = Time spent auto-exploring this place.
 F = Levels seen in this place.
 G = Mean time per level.
                   A        B        C        D        E       F      G
               +--------+--------+--------+--------+--------+-----+--------+
         Total |  24223 |  23254 |    969 |   3202 |  15404 |  19 | 1274.9 |
       Dungeon |  19329 |  18441 |    888 |   2679 |  11890 |  14 | 1380.6 |
        Temple |      1 |      1 |      0 |      0 |      0 |   1 |    1.0 |
          Lair |   4892 |   4811 |     81 |    523 |   3514 |   4 | 1223.0 |
               +--------+--------+--------+--------+--------+-----+--------+

Top non-repeatable levels by time:
    D:13: 3262 daAuts
    D:14: 2082 daAuts
  Lair:3: 1782 daAuts
     D:4: 1707 daAuts
     D:2: 1504 daAuts
    D:12: 1499 daAuts
     D:8: 1453 daAuts
    D:10: 1262 daAuts
     D:3: 1243 daAuts
  Lair:2: 1190 daAuts
     D:7: 1185 daAuts
    D:11: 1141 daAuts
  Lair:1: 1012 daAuts
  Lair:4: 906 daAuts
     D:1: 859 daAuts
